AoeStats
← dean03110206

Black Forest

509066324Analyzed
4v4 RM · 6d ago on Sep 25, 2026· 52m 34s· 8 players
Game mode
Random Map
Map size
Large (8 player)
Population
200
Speed
Normal
Resources
Standard
Victory
Conquest
Starting age
Dark Age
Ending age
Imperial Age
RankedLock teamsTeams togetherTeam positionsShared explorationLock speedFull tech treeHidden civsTurbo modeCheats
Victory
Defeat
🇨🇳 Franks · China
1081
+12
1058
+13
🇹🇼 Celts · Taiwan
1013
+15
🇪🇸 Tatars · Spain
945
+19
🇩🇰 Turks · Denmark
1020
-16
🇪🇸 Huns · Spain
1000
-15
🇬🇧 Britons · United Kingdom
995
-15
🇵🇱 Poles · Poland
963
-13
AngelusMagno
0:28 Loom
14:59 Feudal Age
19:20 Castle Age
17:21 Horse Collar
17:55 Gold Mining
19:14 Wheelbarrow
18:30 Double-Bit Axe
20:08 Heavy Plow
20:47 Gold Shaft Mining
27:14 Imperial Age
25:17 Bow Saw
26:38 Fervor
27:33 Hand Cart
27:05 Town Watch
29:07 Two-Man Saw
28:18 Stone Mining
29:21 Town Patrol
31:41 Fortified Wall
32:48 Ballistics
32:10 Treadmill Crane
33:51 Masonry
33:34 Fletching
35:22 Architecture
35:50 Murder Holes
39:48 Bombard Tower
42:09 Bodkin Arrow
42:39 Conscription
43:13 Artillery
46:25 Hoardings
49:27 Elite Janissary
Donelson
11:52 Feudal Age
17:49 Castle Age
16:07 Double-Bit Axe
16:46 Horse Collar
21:19 Squires
21:29 Scale Mail Armor
24:46 Fletching
27:15 Crossbowman
30:01 Padded Archer Armor
30:23 Bodkin Arrow
33:05 Ballistics
33:22 Town Watch
40:02 Loom
kirlito
12:37 Feudal Age
13:53 Wheelbarrow
13:04 Double-Bit Axe
13:01 Horse Collar
21:25 Castle Age
19:23 Stone Mining
19:41 Gold Mining
20:44 Scale Barding Armor
20:49 Forging
22:23 Hand Cart
22:10 Heavy Plow
22:21 Bow Saw
28:03 Chain Barding Armor
28:18 Iron Casting
28:32 Iron Casting
29:14 Bloodlines
29:04 Husbandry
29:06 Marauders
36:34 Imperial Age
34:10 Scale Mail Armor
35:35 Pikeman
36:15 Squires
36:01 Arson
36:43 Chain Mail Armor
38:19 Blast Furnace
36:41 Halberdier
37:44 Conscription
45:11 Plate Barding Armor
chojan1
0:27 Loom
12:35 Feudal Age
17:37 Castle Age
16:20 Double-Bit Axe
20:28 Bow Saw
20:24 Gold Mining
25:13 Bloodlines
25:03 Husbandry
27:17 Forging
27:08 Scale Mail Armor
27:13 Scale Barding Armor
29:58 Crossbowman
30:44 Thumb Ring
34:36 Imperial Age
32:33 Chain Mail Armor
32:10 Fletching
33:55 Caravan
35:28 Wheelbarrow
35:27 Ballistics
35:10 Bodkin Arrow
35:50 Iron Casting
34:46 Arbalester
38:02 Chemistry
37:07 Bracer
37:09 Padded Archer Armor
38:44 Stone Mining
39:27 Light Cavalry
40:32 Chain Barding Armor
41:13 Blast Furnace
42:31 Winged Hussar
43:51 Lechitic Legacy
44:41 Conscription
46:12 Leather Archer Armor
46:30 Plate Mail Armor
45:53 Elite Obuch
Joaksss
0:47 Loom
14:32 Feudal Age
18:02 Castle Age
16:49 Fletching
18:22 Double-Bit Axe
20:35 Wheelbarrow
20:25 Bodkin Arrow
20:18 Horse Collar
22:25 Town Watch
24:31 Heavy Plow
26:03 Hand Cart
27:06 Gold Mining
28:27 Bow Saw
29:56 Padded Archer Armor
30:35 Gold Shaft Mining
31:45 Leather Archer Armor
32:39 Stone Mining
34:23 Ballistics
35:48 Town Patrol
39:12 Imperial Age
38:29 Scale Barding Armor
39:15 Bloodlines
40:27 Conscription
40:15 Silk Armor
40:01 Heavy Cavalry Archer
40:44 Bracer
41:47 Chemistry
41:56 Ring Archer Armor
42:00 Caravan
41:38 Elite Skirmisher
44:00 Forging
43:54 Husbandry
45:18 Chain Barding Armor
44:20 Light Cavalry
45:35 Hussar
49:44 Plate Barding Armor
49:46 Iron Casting
dean03110206
0:28 Loom
11:27 Feudal Age
12:44 Feudal Age
14:44 Wheelbarrow
16:53 Castle Age
16:45 Double-Bit Axe
19:07 Bow Saw
26:12 Hand Cart
25:58 Horse Collar
29:11 Scale Mail Armor
29:21 Forging
29:27 Fortified Wall
29:40 Masonry
29:24 Guard Tower
29:56 Ballistics
29:40 Pikeman
33:30 Imperial Age
31:05 Heavy Plow
32:45 Iron Casting
32:25 Chain Mail Armor
32:20 Caravan
33:29 Fletching
33:34 Capped Ram
34:44 Town Watch
35:16 Guilds
35:37 Coinage
35:05 Gold Mining
35:05 Stone Mining
36:57 Chemistry
36:02 Siege Engineers
37:34 Furor Celtica
37:29 Heavy Scorpion
37:35 Light Cavalry
38:53 Hussar
43:32 Plate Mail Armor
44:02 Blast Furnace
42:33 Halberdier
44:17 Siege Ram
45:22 Bodkin Arrow
45:33 Scale Barding Armor
47:33 Onager
49:44 Chain Barding Armor
51:07 Cavalier
打帝国需要戴老花镜
2:45 Loom
12:45 Feudal Age
17:04 Castle Age
15:30 Forging
15:42 Double-Bit Axe
16:21 Scale Barding Armor
17:47 Horse Collar
20:42 Wheelbarrow
20:38 Bloodlines
21:23 Town Watch
23:43 Chain Barding Armor
29:20 Iron Casting
34:05 Imperial Age
32:19 Hand Cart
34:39 Cavalier
36:55 Plate Barding Armor
37:23 Conscription
37:49 Coinage
37:34 Heavy Plow
38:00 Husbandry
37:36 Paladin
40:03 Hoardings
40:08 Fletching
40:19 Padded Archer Armor
41:11 Banking
42:04 Bodkin Arrow
41:56 Elite Skirmisher
43:56 Leather Archer Armor
45:16 Chemistry
46:12 Ring Archer Armor
47:01 Bracer
48:38 Tower Shields
50:21 Hill Forts
51:15 Scale Mail Armor
53:21 Chain Mail Armor
浮槎万里获星河
10:47 Feudal Age
12:02 Double-Bit Axe
14:49 Castle Age
17:49 Wheelbarrow
19:34 Loom
23:03 Treadmill Crane
23:23 Gold Mining
23:57 Fervor
27:59 Imperial Age
26:16 Bow Saw
27:27 Husbandry
28:18 Forging
28:02 Cavalier
29:04 Conscription
29:41 Gold Shaft Mining
29:25 Pikeman
30:05 Squires
29:51 Gambesons
30:46 Scale Barding Armor
30:50 Town Watch
32:59 Iron Casting
32:46 Chain Barding Armor
34:38 Plate Barding Armor
35:04 Blast Furnace
35:07 Paladin
36:52 Fortified Wall
37:20 Hand Cart
37:05 Town Patrol
38:55 Caravan
43:32 Halberdier
43:58 Arson
46:01 Chemistry
45:07 Siege Engineers
45:22 Ballistics
45:13 Masonry
46:24 Light Cavalry
47:17 Ordonnance Companies
48:03 Chivalry
47:50 Man-at-Arms
49:50 Long Swordsman
Connection lost

Rejoining the realm…

Still unreachable

The connection could not be restored.

Session expired

The server has moved on; the page needs a fresh start.